cohdb
Replays
Latest Replays
All Replays
Popular Replays
Top Player Replays
Match Explorer
How It Works
Community
CoH3 Stats
Reddit
Sign in to upload your games and track your stats! →
Sign in with Steam
Match 42592824
Unlisted
Match 42592824
Overview
Messages
Build Orders
End
Panzergrenadier Squad
250 Light Carrier
Selects Italian Infantry
Panzergrenadier Squad
Construct Light Support Kompanie
2.5-tonne Medical Truck
Selects Guastatori Squad
Guastatori Squad
Fire Support Elements
Pak 38 Mechanized Group
Selects Registered Artillery
Pak 38 Anti-tank Gun Team
Combat Half-tracks
le.IG 18 Support Gun Team
Guastatori Squad
Registered Artillery
Construct Panzerarmee Kommand
Armored Reserves
Registered Artillery
Selects Defensive Operations
Selects Territory Booby Traps
Tiger Heavy Tank
Advanced Field Repairs
Flak 36 Anti-tank Gun Team
Selects Obice 305mm Barrage
Obice 305mm Barrage
Registered Artillery
Obice 305mm Barrage
Registered Artillery
Tiger Heavy Tank
Obice 305mm Barrage
Guastatori Squad
Registered Artillery
Registered Artillery
Registered Artillery
Sergeant
Mustache and Melons
Koslov
Cyber VietCong
0
0
Comments
sign in to comment!
No comments posted yet!